 Dungeon Crawl Stone Soup version 0.21-a0-504-g2eda330 (webtiles) character file.

1217 slep the Poker (level 8, -12/93 HPs)
             Began as a Demonspawn Monk on Nov 26, 2017.
             Mangled by an orc warrior
             ... wielding a +0 halberd
              (17 damage)
             ... on level 6 of the Dungeon.
             The game lasted 00:23:07 (4318 turns).

slep the Poker (Demonspawn Monk)                    Turns: 4318, Time: 00:23:07

Health: -12/93     AC: 24    Str: 13    XL:     8   Next: 22%
Magic:  8/8        EV:  2    Int: 13    God:
Gold:   295        SH:  0    Dex: 20    Spells: 5/7 levels left

rFire    . . .     SeeInvis .   z - +0 trident
rCold    . . .     Gourm    .   (no shield)
rNeg     + + +     Faith    .   (armour currently unavailable)
rPois    +         Spirit   .   (helmet currently unavailable)
rElec    .         Reflect  .   (cloak currently unavailable)
rCorr    .         Harm     .   (gloves currently unavailable)
MR       .....     NoTele   +   (boots currently unavailable)
Stlth    ++++......             (no amulet)
HPRegen  0.25/turn              f - ring of teleportation
MPRegen  0.11/turn              (no ring)

@: agile, tree-form, drained
A: rot immunity
a: no special abilities


You were on level 6 of the Dungeon.
You were very hungry.
You were a tree.
You visited 1 branch of the dungeon, and saw 6 of its levels.

You collected 295 gold pieces.

Inventory:

Hand Weapons
 a - a +0 spear
 z - a +0 trident (weapon)
 D - a +0 blowgun
 K - a +0 short sword of speed
Missiles
 E - 8 poisoned needles
Armour
 b - a +0 robe
 q - a -2 leather armour
 s - a +0 pair of gloves (melded)
 v - a +0 leather armour of cold resistance
 A - a +0 helmet (melded)
 J - the +1 ring mail of Xiegez (melded) {Str+4 Int+3}
   (You found it on level 6 of the Dungeon)

   It affects your strength (+4).
   It affects your intelligence (+3).
Jewellery
 f - a ring of teleportation (left branch)
Wands
 u - a wand of polymorph (11)
 I - a wand of flame (28)
Scrolls
 d - 4 scrolls of remove curse
 i - 2 scrolls of amnesia
 l - 2 scrolls of fog
 o - 3 scrolls of identify
 p - 2 scrolls of teleportation {unknown}
 t - a scroll of random uselessness {unknown}
 w - 3 scrolls of magic mapping {unknown}
 y - 2 scrolls of noise {unknown}
 F - a scroll of enchant weapon {unknown}
Potions
 e - 2 potions of degeneration
 g - 2 potions of curing
 h - a potion of heal wounds
 j - 2 potions of berserk rage {unknown}
 m - a potion of haste
 r - a potion of agility
 B - a potion of invisibility
 G - a potion of mutation {unknown}
Books
 x - a book of Minor Magic

   Spells                             Type                      Level
   a - Magic Dart                     Conjuration                  1
   b - Blink                          Translocation                2
   c - Call Imp                       Summoning                    2
   d - Slow                           Hexes                        2
   e - Conjure Flame                  Conjuration/Fire             3
   f - Mephitic Cloud                 Conjuration/Poison/Air       3
Comestibles
 c - 4 bread rations
 k - 2 meat rations
 L - a royal jelly


   Skills:
 + Level 5.0(4.9) Fighting
 + Level 5.9(5.8) Polearms
 + Level 0.3(0.2) Throwing
 + Level 3.7 Armour
 + Level 4.0(3.9) Dodging
 + Level 4.2(4.1) Stealth
 + Level 0.5(0.4) Unarmed Combat


You had 5 spell levels left.
You knew the following spells:

 Your Spells              Type           Power        Failure   Level  Hunger
a - Blink                 Tloc           N/A          43%         2    ###....


Dungeon Overview and Level Annotations

Branches:
Dungeon (6/15)
 Temple: D:4-7

Altars:
Ashenzari
Dithmenos
Uskayaw

Annotations:
D:4 Blork the orc
D:5 Grinder


Innate Abilities, Weirdness & Mutations

((You have sharp toenails.))
((You are partially covered in large bone plates. (SH +4)))
((You are mostly covered in sharp spines.))
You are immune to rotting.


Message History

You closely miss the orc warrior.
The orc warrior is almost dead.
The orc warrior hits you with a halberd.
* * * LOW HITPOINT WARNING * * *
You hit the orc warrior.
The orc warrior is almost dead.
The orc warrior hits you but does no damage.
You hit the orc warrior but do no damage.
The orc warrior is almost dead.
The orc warrior hits you but does no damage.
You hit the orc warrior but do no damage.
The orc warrior is almost dead.
You hit the orc warrior but do no damage.
The orc warrior is almost dead.
The orc warrior hits you with a halberd!
* * * LOW HITPOINT WARNING * * *
It was a potion of agility.
You feel agile all of a sudden.
The orc warrior hits you with a halberd!
You die...

### ..#
.#.. #.#
.#.# #
##.##
.#.##.#
#...
......#
#..###
o....
#....#
...
#.#..##o#
#.#..♣oc#
#.#######
#.......#
#######.#
#.# #.#
#.#
#######.#
#.......#


You could see an orc warrior, a centaur and an orc.

Vanquished Creatures
  Sigmund (D:3)
  Edmund (D:5)
  An ogre (D:4)
  A sky beast (D:5)
  An ice beast (D:5)
  A big kobold (D:5)
  A crimson imp (D:5)
  A centaur skeleton (D:4)
  Jessica (D:3)
  2 iguanas
  Terence (D:3)
  8 orc wizards
  Ijyb (D:5)
  A hound skeleton (D:5)
  Robin (D:3)
  A worker ant zombie (D:5)
  An adder (D:2)
  A shadow imp (D:5)
  An adder skeleton (D:4)
  An adder zombie (D:5)
  A worm (D:5)
  A dart slug (D:2)
  A leopard gecko (D:2)
  19 orcs
  7 bats
  7 giant cockroaches
  22 goblins
  13 hobgoblins
  6 jackals
  A ball python (D:1)
  2 frilled lizards
  17 kobolds
  A leopard gecko skeleton (D:4)
  5 rats
131 creatures vanquished.

Notes
Turn   | Place    | Note
-------+----------+-------------------------------------------
     0 | D:1      | slep the Demonspawn Monk began the quest for the Orb.
     0 | D:1      | Reached XP level 1. HP: 18/18 MP: 1/1
    83 | D:1      | Gained mutation: You are immune to rotting. [demonic ancestry]
    83 | D:1      | Reached XP level 2. HP: 21/24 MP: 2/2
   695 | D:2      | Gained mutation: You are partially covered in sharp spines. [demonic ancestry]
   695 | D:2      | Reached XP level 3. HP: 29/29 MP: 3/3
   785 | D:2      | Found a shattered altar of Ashenzari.
  1314 | D:3      | Noticed Jessica
  1338 | D:3      | Killed Jessica
  1338 | D:3      | Reached XP level 4. HP: 21/37 MP: 4/4
  1557 | D:3      | Noticed Sigmund
  1715 | D:3      | Killed Sigmund
  1715 | D:3      | Reached skill level 1 in Armour
  1715 | D:3      | Gained mutation: You are mostly covered in sharp spines. [demonic ancestry]
  1715 | D:3      | Reached XP level 5. HP: 13/42 MP: 5/5
  1727 | D:3      | Learned a level 2 spell: Blink
  1789 | D:3      | Noticed Terence
  1798 | D:3      | Killed Terence
  1798 | D:3      | Gained mutation: You have sharp toenails. [demonic ancestry]
  1798 | D:3      | Reached XP level 6. HP: 18/48 MP: 6/6
  2078 | D:3      | Noticed Robin
  2095 | D:3      | Killed Robin
  2555 | D:4      | Found a hide-covered altar of Uskayaw.
  2768 | D:4      | Gained mutation: You are partially covered in large bone plates. (SH +4) [demonic ancestry]
  2768 | D:4      | Reached XP level 7. HP: 47/54 MP: 7/7
  2850 | D:4      | Noticed Blork the orc
  2931 | D:4      | Noticed Edmund
  2950 | D:5      | Entered Level 5 of the Dungeon
  2961 | D:5      | Killed Edmund
  2961 | D:5      | Reached skill level 5 in Polearms
  3298 | D:5      | Noticed Grinder
  3386 | D:5      | Found a shadowy altar of Dithmenos.
  3399 | D:5      | Noticed Ijyb
  3414 | D:5      | Killed Ijyb
  3508 | D:5      | Reached XP level 8. HP: 54/61 MP: 8/8
  3912 | D:5      | Reached skill level 5 in Fighting
  4264 | D:6      | Got an ancient ring mail
  4275 | D:6      | Identified the +1 ring mail of Xiegez {Str+4 Int+3} (You found it on level 6 of the Dungeon)
  4311 | D:6      | HP: 2/93 [orc warrior/halberd (7)]
  4318 | D:6      | Mangled by an orc warrior

Vault maps used:
D:1:      dpeg_arrival_chase
D:2:      lemuel_crystal_altar, palyth_stone_intersect,
          kennysheep_generic_room_3
D:3:      corexii_shack_village, uniq_sigmund, uniq_robin, uniq_terence,
          uniq_jessica
D:4:      lemuel_coloured_pillars_altar, first_bread, uniq_edmund,
          uniq_blork_the_orc, uniq_duvessa
D:5:      basic_altar, uniq_ijyb, uniq_grinder
D:6:      nicolae_overflow_crystal_walls, temple_doors_e, basic_altar

Skill      XL: |  1  2  3  4  5  6  7  8 |
---------------+-------------------------+-----
Stealth        | 2 3 4 |  4.2
Polearms       | 3 4 5 |  5.9
Dodging        | 3 4 |  4.0
Fighting       | 4 5 |  5.0
Armour         | 1 2 3 |  3.7
Throwing       | |  0.3
Unarmed Combat | |  0.5

Action                   |  1- 3 |  4- 6 |  7- 9 || total
-------------------------+-------+-------+-------++-------
Melee: Spear             |   138 |    76 |       ||   214
       Unarmed           |    13 |       |       ||    13
       Trident           |       |    58 |   145 ||   203
       Kick              |       |    20 |    39 ||    59
 Fire: Blowgun           |       |     3 |       ||     3
 Cast: Blink             |       |     1 |       ||     1
  Use: Scroll            |     5 |       |       ||     5
       Potion            |       |     5 |     5 ||    10
 Stab: Sleeping          |     4 |     3 |     2 ||     9
  Eat: Chunk             |     1 |     5 |     4 ||    10
Armor: Robe              |    22 |       |       ||    22
       Leather armour    |       |    20 |    17 ||    37
       Skin              |       |       |     6 ||     6
Dodge: Dodged            |    89 |    54 |    49 ||   192
Block: Other             |       |       |    19 ||    19

Table legend:
 A = Spawn XP
 B = Non-spawn XP
 C = Spawn XP percentage of total XP
 D = Spawn monster count
 E = Non-spawn monster count
 F = Spawn count percentage of total count
 G = Total turns spent on level
                    A         B        C        D         E        F      G
               +---------+---------+-------+---------+---------+-------+---------
         Total |       0 |    1739 |   0.0 |       0 |     131 |   0.0 |  4318
               +---------+---------+-------+---------+---------+-------+---------
           D:1 |       0 |      39 |   0.0 |       0 |      25 |   0.0 |   692
           D:2 |       0 |      45 |   0.0 |       0 |      17 |   0.0 |   622
           D:3 |       0 |     377 |   0.0 |       0 |      39 |   0.0 |  1097
           D:4 |       0 |     525 |   0.0 |       0 |      26 |   0.0 |   539
           D:5 |       0 |     750 |   0.0 |       0 |      23 |   0.0 |  1284
           D:6 |       0 |       3 |   0.0 |       0 |       1 |   0.0 |    84
               +---------+---------+-------+---------+---------+-------+---------
